Cogmind - Beta 9.2 @@@ ROGUE MODE // 2019.11.13 @ 22:29:11 Player: Cassie Rose Result: Smashed by cave-in Performance ------------- Evolutions (0) 0 Regions Visited (2) 400 Robots Destroyed (35) 175 Value Destroyed (662) 662 Prototype IDs (2) 40 Alien Tech Used (0) 0 Bonus (0) 0 TOTAL SCORE: 1277 Bonus ------- None Cogmind --------- Core Integrity 0/250 Matter 264/300 Energy 250/250 System Corruption 5% Temperature Cool (275) Movement Rolling (100) Ox2 Location -10/Mines Parts ------- > --- POWER (1) -------- Ion Engine > --- PROPULSION (2) --- Light Treads Wheel > --- UTILITY (2) ------ Large Storage Unit Signal Interpreter > --- WEAPON (2) ------- Beam Cannon > --- INVENTORY (10) --- Wheel Improved Heat Sink Large Storage Unit High-capacity Matter Pod (83) Structural Scanner Sensor Array Improved Terrain Scanner Seismic Analyzer Light Armor Plating Peak State ------------ > --- POWER ------------ Light Ion Engine > --- PROPULSION ------- Light Treads Wheel > --- UTILITY ---------- Small Storage Unit Small Storage Unit > --- WEAPON ----------- Assault Rifle Light Assault Rifle > --- INVENTORY -------- Light Nuclear Core Light Treads Aluminum Leg Aluminum Leg Compact Wheel Seismic Analyzer EM Pulse Gun Light Assault Rifle [Rating: 8] Favorites ----------- Power Ion Engine Engine Ion Engine Propulsion Light Treads Treads Light Treads Wheel Wheel Utility Small Storage Unit Device Sensor Array Storage Small Storage Unit Processor Signal Interpreter Weapon Light Cannon Energy Gun EM Pulse Gun Energy Cannon Beam Cannon Ballistic Gun Light Assault Rifle Ballistic Cannon Light Cannon Launcher Grenade Launcher Build | -11 -10 -10 ------- Run | Scr Mat Min Slots Evolved . | . . . Power . | . . . Propulsion . | . . . Utility . | . . . Weapon . | . . . Parts Attached 27 | 8 18 1 Power 5 | 1 4 . Engine 5 | 1 4 . Core . | . . . Reactor . | . . . Propulsion 6 | 2 4 . Treads 2 | . 2 . Leg . | . . . Wheel 4 | 2 2 . Hover . | . . . Flight . | . . . Utility 7 | 2 5 . Device 1 | . 1 . Storage 5 | 2 3 . Processor 1 | . 1 . Hackware . | . . . Protection . | . . . Artifact . | . . . Weapon 9 | 3 5 1 Energy Gun 1 | 1 . . Energy Cannon 1 | . . 1 Ballistic Gun 3 | 2 1 . Ballistic Cannon 3 | . 3 . Launcher 1 | . 1 . Special Weapon . | . . . Impact Weapon . | . . . Slashing Weapon . | . . . Piercing Weapon . | . . . Special Melee Weapon . | . . . Unidentified Prototypes . | . . . Parts Lost 5 | . 3 2 Power 1 | . 1 . Propulsion 2 | . 2 . Utility . | . . . Weapon 2 | . . 2 Highest Loss Streak 2 | . 2 1 Average Slot Usage (%) 94 | . 94 98 Engine 13 | . 13 14 Treads 12 | . 12 14 Wheel 10 | . 10 14 Storage 26 | . 27 14 Processor 1 | . . 14 Ballistic Gun 10 | . 11 . Ballistic Cannon 15 | . 15 14 Launcher 1 | . 1 7 Naked Turns . | . . . Heaviest Build 43 | 14 43 27 Greatest Support 20 | 20 20 10 Greatest Overweight (x) 4 | 3 4 2 Average Overweight (x) 1 | . 1 2 Largest Inventory Capacity 16 | 8 16 10 Average Capacity 10 | 6 11 10 Most Carried 14 | 8 14 10 Average Carried 8 | 4 9 9 Final Capacity 10 | 8 10 10 Final Carried 10 | 8 10 9 Class Distribution -------------------- 100% | Mutant Dominant Class ---------------- Mutant | -10/Materials Mutant | -10/Mines Resources | -11 -10 -10 ----------- Run | Scr Mat Min Matter Collected 955 | 240 693 22 Remotely . | . . . Salvage Created 979 | 134 823 22 Parts 67 | 11 56 . Haulers Intercepted 2 | . 2 . Recyclers Shooed . | . . . Parts Field Recycled . | . . . Retrieved Matter . | . . . Parts Self-Destructed . | . . . Prevented . | . . . Kills | -11 -10 -10 ------- Run | Scr Mat Min Combat Hostiles Destroyed 24 | . 22 2 Melee 1 | . . 1 Guns 9 | . 9 . Cannons 14 | . 13 1 Classes Destroyed 8 | 3 4 1 Worker 3 | 2 1 . Tunneler 1 | 1 . . Hauler 2 | . 2 . Recycler 2 | 1 1 . Watcher 3 | . 3 . Swarmer 9 | . 9 . Grunt 13 | . 13 . Assembled 2 | . . 2 Best Kill Streak 5 | 3 5 2 Combat Bots Only 5 | . 5 2 Max Kills in Single Turn 2 | 1 2 1 Gunslinging . | . . . Exploded . | . . . Melee 1 | . . 1 Uniques/NPCs Destroyed . | . . . Combat | -11 -10 -10 -------- Run | Scr Mat Min Damage Taken 1208 | . 835 373 Core 283 | . 169 114 Absorbed by Shields . | . . . Core Remaining (%) 100 | 100 . . Volleys Fired 100 | 12 82 6 Largest 2 | 2 2 2 Hottest 95 | 40 70 95 Shots Fired 188 | 20 157 11 Gun 119 | 20 99 . Cannon 68 | . 58 10 Launcher 1 | . . 1 Special . | . . . Kinetic 182 | 20 157 5 Thermal 5 | . . 5 Explosive 1 | . . 1 Electromagnetic . | . . . Robot Hit Streak 14 | 3 14 3 Robot Miss Streak 6 | 1 6 4 Penetration Max . | . . . Secondary Targets 2 | . 2 . Max Gunslinging Chain 1 | . 1 . Shots Hit Robots 104 | 11 88 5 Core Hits 50 | 5 40 5 Critical Hits 6 | 1 5 . Critical Kills 3 | . 3 . Critical Parts Destroyed 3 | 1 2 . Melee Attacks . | . . . Impact . | . . . Slashing . | . . . Piercing . | . . . Sneak Attacks . | . . . Combat Hostiles . | . . . Follow-up Attacks . | . . . Damage Inflicted 1393 | 111 1155 127 Guns 648 | 111 537 . Cannons 638 | . 555 83 Explosions 99 | . 63 36 Melee . | . . . Ramming 8 | . . 8 Kinetic 1234 | 111 1092 31 Thermal 115 | . 63 52 Explosive 36 | . . 36 Electromagnetic . | . . . Impact . | . . . Slashing . | . . . Piercing . | . . . Highest Corruption 2 | . 2 2 Average Corruption 1 | . 1 2 Corruption Purged . | . . . Effects 9 | . 8 1 Message Errors 1 | . 1 . Heat Flow Errors 4 | . 3 1 Energy Discharges 1 | . 1 . Data Loss (minor) 2 | . 2 . Targeting Errors 1 | . 1 . Overload Shots . | . . . Overflow Damage 101 | . 89 12 Projectiles 2 | . 2 . Explosions 99 | . 87 12 Melee . | . . . Knockbacks 7 | . 5 2 Impact . | . . . Kinetic 7 | . 5 2 Secondary . | . . . Self-Inflicted Damage 138 | . 112 26 Shots 2 | . 1 1 Rammed 1 | . . 1 Targets Rammed 1 | . . 1 Kicked . | . . . Crushed . | . . . Highest Temperature 275 | . 266 275 Average Temperature 37 | . 36 45 Received Heat Transfer 287 | . 267 20 Effects 1 | . 1 . Interference 1 | . 1 . Siege Activations . | . . . Robots Corrupted . | . . . Combat Hostiles . | . . . Parts Fried . | . . . Impact Corruptions . | . . . Robots Melted . | . . . Combat Hostiles . | . . . Parts Melted . | . . . Heat Transferred 161 | . 50 111 Parts Sabotaged . | . . . Parts Stolen . | . . . Parts Stripped . | . . . Power Chain Reactions . | . . . Missiles Intercepted . | . . . Alert | -11 -10 -10 ------- Run | Scr Mat Min Peak Influence 295 | 20 295 136 Average Influence 141 | 5 153 108 Maximum Alert Level 1 | . 1 . Low Security (%) 79 | 100 76 100 Level 1 20 | . 23 . Level 2 . | . . . Level 3 . | . . . Level 4 . | . . . Level 5 . | . . . High Security . | . . . Max Security . | . . . Squads Dispatched 3 | . 3 . Investigation 3 | . 3 . Extermination . | . . . Reinforcement . | . . . Assault . | . . . Garrison . | . . . Intercept . | . . . Construction Impeded . | . . . Haulers Reinforced . | . . . Stealth | -11 -10 -10 --------- Run | Scr Mat Min Distress Signals . | . . . Communications Jammed . | . . . Distress Signals . | . . . Times Spotted 53 | . 45 8 Peak Tracking Total 7 | . 4 7 Tactical Retreats 3 | . 3 . Traps | -11 -10 -10 ------- Run | Scr Mat Min Traps Triggered 2 | . 2 . Indirectly . | . . . Trap Hack Attempts . | . . . Triggered . | . . . Disarmed . | . . . Reprogrammed . | . . . Reused . | . . . Traps Extracted . | . . . Installed . | . . . Triggered . | . . . Machines | -11 -10 -10 ---------- Run | Scr Mat Min Machines Disabled 3 | . 2 1 Max in Single Turn 1 | . 1 1 Machines Sabotaged . | . . . Garrisons Compromised . | . . . Overloaded Fab Kills . | . . . Fab Network Shutdowns . | . . . Hacking | -11 -10 -10 --------- Run | Scr Mat Min Machines Accessed 7 | . 7 . Terminals 7 | . 7 . Fabricators . | . . . Repair Stations . | . . . Recycling Units . | . . . Scanalyzers . | . . . Garrison Access . | . . . Total Hacks 34 | . 34 . Successful 18 | . 18 . Failed 15 | . 15 . Catastrophic 1 | . 1 . Database Lockouts 5 | . 5 . Manual 25 | . 25 . Terminals 34 | . 34 . Fabricators . | . . . Repair Stations . | . . . Recycling Units . | . . . Scanalyzers . | . . . Garrison Access . | . . . Terminal Hacks 12 | . 12 . Record 5 | . 5 . Robot Analysis 1 | . 1 . Prototype ID Bank 1 | . 1 . Branch Access Points 1 | . 1 . Emergency Access Points 1 | . 1 . Registered Components 2 | . 2 . Zone Layout 1 | . 1 . Fabricator Hacks . | . . . Repair Station Hacks . | . . . Recycling Unit Hacks . | . . . Scanalyzer . | . . . Garrison Access Hacks . | . . . Unauthorized Hacks 14 | . 14 . Terminals 6 | . 6 . Assimilate 2 | . 2 . Botnet 4 | . 4 . Fabricators . | . . . Repair Stations . | . . . Recycling Units . | . . . Scanalyzers . | . . . Garrison Access . | . . . Data Cores Recovered . | . . . Used . | . . . Hacking Detections 7 | . 7 . Full Trace Events 4 | . 4 . Feedback Events . | . . . Feedback Blocked . | . . . Robot Schematics Acquired . | . . . Robots Built . | . . . Matter . | . . . Time . | . . . Total Robot Build Rating . | . . . Part Schematics Acquired . | . . . Parts Built . | . . . Matter . | . . . Time . | . . . Total Part Build Rating . | . . . Parts Repaired . | . . . Time . | . . . Parts Recycled . | . . . Recycled Matter . | . . . Retrieved Matter . | . . . Retrieved Components . | . . . Parts Scanalyzed . | . . . Part Schematics Acquired . | . . . Parts Damaged . | . . . Bothacking | -11 -10 -10 ------------ Run | Scr Mat Min Used RIF Installer . | . . . Robots Hacked . | . . . Non-combat . | . . . Combat . | . . . Robot Hacks Applied . | . . . Relay Couplers Released . | . . . Robots Rewired . | . . . Allies Hacked . | . . . Hacks Repelled . | . . . Allies | -11 -10 -10 -------- Run | Scr Mat Min Total Allies . | . . . Largest Group . | . . . Highest-Rated Group . | . . . Highest-Rated Ally . | . . . Total Orders . | . . . Ally Attacks . | . . . Total Damage . | . . . Kills . | . . . Allies Corrupted . | . . . Allies Melted . | . . . Intel | -11 -10 -10 ------- Run | Scr Mat Min Robot Analysis Total 1 | . 1 . Derelict Logs Recovered . | . . . Drone Launches . | . . . Drone Recoveries . | . . . Exploration | -11 -10 -10 ------------- Run | Scr Mat Min Turns Passed 2197 | 150 1968 79 Spaces Moved 1474 | 85 1344 45 Core 40 | 40 . . Treads 327 | . 327 . Legs . | . . . Wheels 1107 | 45 1017 45 Hover . | . . . Flight . | . . . Fastest Speed 50 | 50 80 100 Average Speed 116 | 111 117 100 Slowest Speed 200 | 200 200 100 Overloaded Moves . | . . . Propulsion Burnouts . | . . . Robots Hopped . | . . . Cave-ins Triggered 1 | . . 1 Exploration Rate (%) 38 | 7 100 9 Regions Visited 2 Branch Regions 1 Pre-discovered Areas . | . . . Known Exits Taken 1 | . 1 . Unknown Exits Taken 1 | 1 . . Scrap Searched . | . . . Spaces Dug . | . . . Terrain Destroyed 17 | . 7 10 Melee . | . . . Projectile . | . . . AOE 17 | . 7 10 Actions | -11 -10 -10 --------- Run | Scr Mat Min Total 1780 | 122 1589 69 Wait 119 | . 103 16 Move 1472 | 84 1343 45 Hop . | . . . Pick Up 41 | 16 25 . Fast Attach 4 | 1 3 . Attach 10 | 6 3 1 Detach . | . . . Swap 13 | 1 12 . Drop 20 | 2 18 . Fire 100 | 12 82 6 Melee . | . . . Ram 1 | . . 1 Kick . | . . . Crush . | . . . Escape Stasis . | . . . Rewire . | . . . Trap . | . . . Miscellaneous . | . . . Route ------- -11/Scrapyard -10/Materials (discovered 4 exits: *Mat x3 / *Min) -10/Mines History --------- Turn | Location | Event 21 | -11/Scrapyard | Discovered new exit (range 14) 151 | -11/Scrapyard | Entered Materials 304 | -10/Materials | Build established: Mutant 502 | -10/Materials | Discovered new exit (range 8) 561 | -10/Materials | Discovered new exit (range 16) 773 | -10/Materials | Central database locked down 1047 | -10/Materials | Core integrity fell below 50% 1167 | -10/Materials | Discovered new exit (range 11) 1278 | -10/Materials | Discovered new exit (range 14) 1279 | -10/Materials | Identified exit to Mines 2044 | -10/Materials | Identified exit to Materials 2119 | -10/Materials | Entered Mines 2120 | -10/Mines | Assembled infested the area 2137 | -10/Mines | Met a Derelict bent on vengeance 2164 | -10/Mines | Core integrity fell below 20% 2199 | -10/Mines | Crushed by falling debris 2199 | -10/Mines | Smashed by cave-in Last Messages --------------- GOAL=ESCAPE Something is scanning the area. 02120_ ALERT: Infestation in the mines, dispatching Demolisher response squad. 02158_ Grenade Launcher destroyed. 02158_ Destroyed Grenade Launcher. 02162_ Slammed into as-44745. 02162_ as-44745 destroyed. [Achievement: Fist Fight] 02163_ Acquired 10 matter. 02168_ as-81343 knocked back. 02168_ as-81343 destroyed. 02172_ Acquired 12 matter. 02188_ Seismic Survey Station disabled. 02196_ as-95349 knocked back. 02198_ System corrupted: Heat flow error (+222). 02199_ The unstable cave ceiling collapses. 02199_ Crushed by falling debris. 02199_ Lgt. Cannon destroyed. 02199_ System corrupted by crushing effect (+3). Map ----- +----------------------------------------------------+ | | | | | | | ????????????????????????????????????????? | | ????????????????????????????????????????? | | ????????????????????????????????????????? | | ????????????????????????????????????????? | | ????????????????????????????????????????? | | ????????????????????????????????????????? | | ????????????????????????????????????????? | | ????????????????????????????????????????? | | ????????????????????????????####????????? | | ???????????????????????????## #????????? | | ???????????????????????????# ##???????? | | ???????????????????????????# ##??????? | | ???????????????????????????# #??????? | | ???????????????????????????## #??????? | | ??????????????????#?????????# #??????? | | ??????????????????# ?????#### #??????? | | ??????????????????# ????# #??????? | | ??????????????????# #???# ### ##??????? | | ???????????????#### #### ######???????? | | ??????????????## #???????????? | | ??????????????# % aa########????? | | ??????????????# ! a #?? | | ??????????????## @## """ """ #?? | | ???????????????# ## #### """ """ #?? | | ????????????? " ??# ##???# """ """ ??? | | ????????????? ????##?????# ???? | | ?????????????? ????????????# "" """ ???? | | ???????????????????????????# """ """ ??? | | ???????????????????????????# """ "?"????? | | ???????????????????????????# ? ??????? | | ???????????????????????????# "??????????? | | ???????????????????????????? "??????????? | | ???????????????????????????? "??????????? | | ???????????????????????????? ???????????? | | ???????????????????????????? ???????????? | | ???????????????????????????? ???????????? | | ???????????????????????????? ???????????? | | ????????????????????????????????????????? | | ????????????????????????????????????????? | | ????????????????????????????????????????? | | ????????????????????????????????????????? | | ????????????????????????????????????????? | | ????????????????????????????????????????? | | ????????????????????????????????????????? | | ????????????????????????????????????????? | | ????????????????????????????????????????? | | ????????????????????????????????????????? | +----------------------------------------------------+ Best States ------------- Heat Dissipation 25 Energy Generation 10 Energy Capacity 250 Matter Stores 300 Matter Capacity 300 Sight Range 16 Terrain Scan Density 10 Evasion (%) 44 Recoil Reduction 1 Item Schematics ----------------- None Robot Schematics ------------------ None Fabricated ------------ Nothing Alien Tech Used ----------------- None Achievements -------------- Fist Fight Challenges ------------ None Game ------ Seed MyomerImpactShotgun Manual? 0 Play Time 00:45:48 Cumulative 13.8 hours Start 2019.11.13 @ 17:38:04 End 2019.11.13 @ 22:29:11 Sessions 1 Manual Loads 0 Difficulty Rogue Special Mode None Game No. 19 Rogue 19 Adventurer 0 Explorer 0 Win Type - Total 0 Types 0/0/0/0/0/0/0 Lore% 18 Gallery% 14 Achievement% 16 Wizard Run 0 Options --------- ASCII 0 Keyboard 0 Movement Arrows Keybinds 0 Fullscreen 1 Font 18/X11 Map View 76x50 Tactical HUD 1 Map Filters NONE Filters LOW_CONTRAST(13,24,33) Steam 1 RUN: 00ff5d05-392a-427e-9f71-1d389d4df3d3